 Dungeon Crawl Stone Soup version 0.23.2-1-ga50397a6bc (webtiles) character file.

Game seed: 12506055524346033826

179 OneEyedShark the Cudgeler (level 5, -6/48 HPs)
             Began as a Minotaur Berserker on May 28, 2019.
             Was a Priest of Trog.
             Mangled by Sigmund
             ... wielding a +0 scythe
              (12 damage)
             ... on level 3 of the Dungeon.
             The game lasted 00:03:17 (1541 turns).

OneEyedShark the Cudgeler (Minotaur Berserker)      Turns: 1541, Time: 00:03:18

Health: -6/48      AC: 12    Str: 22    XL:     5   Next: 33%
Magic:  4/4        EV:  9    Int:  4    God:    Trog [***...]
Gold:   90         SH:  0    Dex: 10    Spells: 4/4 levels left

rFire    . . .     SeeInvis .   a - +0 mace
rCold    . . .     Gourm    .   (no shield)
rNeg     . . .     Faith    .   s - +0 chain mail
rPois    .         Spirit   .   (helmet restricted)
rElec    .         Reflect  .   (no cloak)
rCorr    .         Harm     .   (no gloves)
MR       .....                  (no boots)
Stlth    ..........             (no amulet)
HPRegen  0.16/turn              h - +3 ring of protection
MPRegen  0.09/turn              (no ring)

@: no status effects
A: retaliatory headbutt, horns 2
a: Berserk, Trog's Hand, Renounce Religion


You were on level 3 of the Dungeon.
You worshipped Trog.
Trog was most pleased with you.
You were not hungry.

You visited 1 branch of the dungeon, and saw 3 of its levels.

You collected 90 gold pieces.

Inventory:

Hand Weapons
 a - a +0 mace (weapon)
Armour
 s - a +0 chain mail (worn)
Jewellery
 h - a +3 ring of protection (left hand)
Scrolls
 d - 6 scrolls of remove curse {unknown}
 f - a scroll of amnesia {unknown}
 g - 3 scrolls of identify {unknown}
 m - a scroll of random uselessness {unknown}
 o - a scroll of teleportation {unknown}
Potions
 i - a potion of degeneration {unknown}
 j - a potion of brilliance {unknown}
 k - a potion of haste {unknown}
 l - a potion of curing {unknown}
 n - 2 potions of invisibility {unknown}
 p - a potion of mutation {unknown}
 q - a potion of agility {unknown}
 r - a potion of lignification {unknown}
Comestibles
 b - 21 chunks of flesh
 c - 6 rations


   Skills:
 + Level 5.2 Fighting
 + Level 5.5 Maces & Flails
 + Level 3.4 Armour
 + Level 2.7 Dodging


You had 4 spell levels left.
You didn't know any spells.
Your spell library was empty.

Dungeon Overview and Level Annotations

Branches:
Dungeon (3/15)

Altars:
Ashenzari
Makhleb
Okawaru
Wu Jian

Annotations:
D:3 Sigmund


Innate Abilities, Weirdness & Mutations

You reflexively headbutt those who attack you in melee.
You have a pair of horns on your head.


Message History

You hit the adder.
You kill the adder!
Trog accepts your kill. Something hits you but does no damage.
The adder bites you but does no damage.
You hit the adder. You headbutt the adder!
You kill the adder!
Trog accepts your kill. Something hits you!
You sock the rat!
You kill the rat!
Trog accepts your kill.
You hear some strange, mumbled words.
Something tries to affect you, but you resist.
You swing at nothing.
Something hits you.
You swing at nothing.
You swing at nothing.
Something hits you!
You swing at nothing.
Something hits you!
* * * LOW HITPOINT WARNING * * *
You swing at nothing.
Something hits you!
You die...

#.#.#..#.#
#######...#..#.#
..........#....#
########..##.### ##
...(.....##[# ...
..#######...#.# ....
........<.....# ?....
.#####..##..###.....?
#...........@†{.....
.####.########..###.####
.........)........
#####.#########..##
##'####### ##.#
#......... .. #.........
#.# ####......... ..
......#######


There were no monsters in sight!

Vanquished Creatures
  Jessica (D:2)
  Robin (D:3)
  6 adders
  A leopard gecko (D:1)
  5 orcs (D:3)
  4 giant cockroaches
  15 goblins
  13 hobgoblins
  4 jackals
  6 kobolds
  A quokka (D:3)
  2 ball pythons (D:1)
  9 bats
  4 frilled lizards
  10 rats
82 creatures vanquished.

Notes
Turn   | Place    | Note
-------+----------+-------------------------------------------
     0 | D:1      | OneEyedShark the Minotaur Berserker began the quest for the
                  | Orb.
     0 | D:1      | Reached XP level 1. HP: 19/19 MP: 0/0
   163 | D:1      | Reached XP level 2. HP: 25/27 MP: 1/1
   309 | D:1      | Reached ** piety under Trog
   609 | D:1      | Reached XP level 3. HP: 33/33 MP: 2/2
   805 | D:2      | Reached XP level 4. HP: 40/41 MP: 3/3
   962 | D:2      | Noticed Jessica
   968 | D:2      | Killed Jessica
   968 | D:2      | Reached skill level 5 in Maces & Flails
  1004 | D:2      | Found a burning altar of Makhleb.
  1093 | D:3      | Found a shattered altar of Ashenzari.
  1093 | D:3      | Found an iron altar of Okawaru.
  1093 | D:3      | Found an ornate altar of the Wu Jian Council.
  1364 | D:3      | Reached skill level 5 in Fighting
  1368 | D:3      | Noticed Robin
  1375 | D:3      | Killed Robin
  1375 | D:3      | Reached XP level 5. HP: 43/48 MP: 4/4
  1404 | D:3      | Reached *** piety under Trog
  1522 | D:3      | Noticed Sigmund
  1541 | D:3      | Mangled by Sigmund

Skill      XL: |  1  2  3  4 |
---------------+-------------+-----
Fighting       | 4 5 |  5.2
Maces & Flails | 4 5 |  5.5
Armour         | 3 |  3.4
Dodging        | |  2.7

Action                   |  1- 3 |  4- 6 || total
-------------------------+-------+-------++-------
Melee: Mace              |    61 |    90 ||   151
       Headbutt          |     5 |    13 ||    18
  Eat: Chunk             |       |     2 ||     2
Armor: Leather armour    |    24 |    25 ||    49
       Chain mail        |       |    12 ||    12
Dodge: Dodged            |    62 |    64 ||   126
